 Dungeon Sprint DCSS version 0.31-a0-879-g1609e0ac53 (webtiles) character file.

Game seed: 6588477145837409643

409 sircluck the Grappler (level 6, -2/71 HPs)
             Began as a Troll Berserker on Oct 14, 2023.
             Was a Believer of Trog.
             Slain by Menkaure (19 damage)
             ... in the Dungeon (Sprint II: "The Violet Keep of Menkaure").
             The game lasted 00:00:25 (71 turns).

sircluck the Grappler (Troll Berserker)               Turns: 71, Time: 00:00:25

Health: -2/71      AC:  4    Str: 28    XL:     6   Next: 58%
Magic:  5/5        EV: 11    Int:  3    God:    Trog [**....]
Gold:   243        SH:  0    Dex:  9    Spells: 5/5 levels left

rFire   . .          .
                       - Unarmed
rCold   . . .        (no shield)
rNeg    . . .        a - +0 animal skin
rPois   .            (helmet restricted)
rElec   .            (no cloak)
rCorr   .            (gloves unavailable)
SInv    .            (boots unavailable)
Will    .....        (no amulet)
Stlth   +            (no ring)
HPRegen 1.11/turn    (no ring)
MPRegen 0.09/turn

%: no teleportation
@: on berserk cooldown
A: large, unfitting armour, claws 3, regeneration 1, shaggy fur 1, tough skin 1
a: Renounce Religion, Berserk, Trog's Hand


You were in the Dungeon.
You worshipped Trog.
Trog was pleased with you.
You visited 1 branch You collected 243 gold pieces.

Inventory:

Armour
 a - a +0 animal skin (worn)
Scrolls
 g - a scroll of blinking
Potions
 b - a potion of curing
 c - a potion of heal wounds
 d - a potion of haste
 e - 2 potions of magic
 f - a potion of berserk rage


   Skills:
 + Level 7.4 Fighting
 + Level 7.3 Dodging
 + Level 8.8 Unarmed Combat


You had 5 spell levels left.
You didn't know any spells.
Your spell library was empty.

Dungeon Overview and Level Annotations

Branches:
Dungeon (1/1)

Altars:

Shops:
D !:*?(?*![!=

Annotations:
D exclusions: ice statue and obsidian statue, Menkaure


Innate Abilities, Weirdness & Mutations

You are too large for most types of armour.
You have claws for hands.
Your natural rate of healing is unusually fast.
You are covered in fur. (AC +1)
You have tough skin. (AC +1)


Message History

You are poisoned.
The water moccasin poisons you! The water moccasin bites you.
You scratch the water moccasin.
The water moccasin is almost dead.
You feel very sick. The water moccasin barely misses you.
The water moccasin closely misses you.
You mangle the water moccasin!!
You kill the water moccasin!
Trog accepts your kill.
You feel sick.
Your Dodging skill increases to level 7!
Unknown command.
You feel yourself speed up.
You feel sick.
You feel sick.
You feel sick.
You feel sick.
You feel sick.
You feel sick.
You are no longer poisoned.
Marking area around an ice statue as unsafe for travelling.
Menkaure, Prince of Dust comes into view.
Menkaure calls on the powers of darkness!
Your body is wracked with pain!
You are too injured to fight recklessly!
You are too injured to fight recklessly!
You are too injured to fight recklessly!
You are too injured to fight recklessly!
You are too injured to fight recklessly!
You are too injured to fight recklessly!
You are too injured to fight recklessly!
You are too injured to fight recklessly!
Menkaure casts a spell.
Menkaure seems to speed up.
Menkaure hits you!
* * * LOW HITPOINT WARNING * * *
You claw Menkaure!
Menkaure is severely damaged.
Menkaure hits you!!
You die...

.∩.#~~~~#..#..#
∩.∩#~~####...##
.∩.#~## ##†## #
∩..#~# ##.## .#
...+~+ +.<.+ .###
...#~# ##.##
....## ▓###~## #+#
#...... ####~~###
###M~..... ##~~~#
#~@~~~~~.. #+#~##
##~~~~§~~~§
#~~##+##~§~≈§≈~§§~
##~~~~~~~~~~§≈§§§§
#+++#+++#~§≈≈§≈§≈
..... ##≈≈≈###
○......○. #≈≈#
+..°○.8.○...+≈≈#
##.........##≈≈≈≈


You could see Menkaure (fast).

Vanquished Creatures
  2 water moccasins (D)
  4 necrophages (D)
6 creatures vanquished.

Notes
Turn   | Place    | Note
-------+----------+-------------------------------------------
     0 | D        | sircluck the Troll Berserker began the quest for the Orb.
     0 | D        | Reached XP level 1. HP: 22/22 MP: 0/0
     1 | D        | Noticed a necrophage
     1 | D        | Noticed a necrophage
     1 | D        | Noticed a necrophage
     1 | D        | Noticed a necrophage
     7 | D        | Killed a necrophage
     8 | D        | Reached skill level 5 in Unarmed Combat
     8 | D        | Reached XP level 2. HP: 33/33 MP: 1/1
     8 | D        | Reached XP level 3. HP: 40/40 MP: 2/2
    14 | D        | Killed a necrophage
    15 | D        | Reached skill level 5 in Fighting
    15 | D        | Reached skill level 5 in Dodging
    15 | D        | Reached skill level 6 in Unarmed Combat
    15 | D        | Reached XP level 4. HP: 50/50 MP: 3/3
    19 | D        | Killed a necrophage
    19 | D        | Reached ** piety under Trog
    20 | D        | Reached skill level 7 in Unarmed Combat
    20 | D        | Reached XP level 5. HP: 59/59 MP: 4/4
    28 | D        | Noticed an obsidian statue
    30 | D        | Noticed a water moccasin
    35 | D        | Killed a water moccasin
    36 | D        | Reached skill level 8 in Unarmed Combat
    36 | D        | Reached XP level 6. HP: 64/71 MP: 5/5
    36 | D        | Found Xetapeen's Distillery.
    36 | D        | Found Heshex's Jewellery Shop.
    37 | D        | Found Fedimek's Distillery.
    37 | D        | Found Rohoum's Antique Armour Shop.
    38 | D        | Found Ukkya's Magic Scroll Boutique.
    38 | D        | Found Puatipn's General Store.
    39 | D        | Found Exkim's Antique Weapon Boutique.
    40 | D        | Found Xuz Ujos's Assorted Antiques.
    40 | D        | Found Zogo's Magic Scroll Boutique.
    41 | D        | Found Sonlo's Distillery.
    41 | D        | Found Jichenwij's Book Shop.
    41 | D        | Noticed a water moccasin
    44 | D        | Noticed a hell hog
    45 | D        | Noticed a hell hog
    58 | D        | Killed a water moccasin
    64 | D        | Noticed an ice statue
    66 | D        | Noticed Menkaure
    71 | D        | Slain by Menkaure

Illustrated notes

Levels and vault maps discovered:
D:        the_violet_keep_of_menkaure [sprint2_stairs_cluster_1,
          sprint2_shoproom, sprint2_temple, sprint2_basic_supplies,
          sprint2_obstacle_2, sprint2_obstacle_1, sprint2_obstacle_3,
          sprint2_obstacle_6, sprint2_obstacle_5, sprint2_timed_cluster_1,
          sprint2_smallroom_cluster_1, sprint2_smallroom_final_cluster_1,
          sprint2_transparent_cluster_1, sprint2_second_timed_cluster_1,
          sprint2_sniper_area_1, sprint2_heavy_combat_area_1,
          sprint2_mutation_trap_area_1, sprint2_forest_area_1,
          sprint2_light_combat_area_1, sprint2_behind_water_1,
          sprint2_near_end_vault_1]

Skill      XL: |  1  2  3  4  5  6 |
---------------+-------------------+-----
Fighting       | 4 5 7 |  7.4
Dodging        | 4 5 6 7 |  7.3
Unarmed Combat | 5 6 7 8 |  8.8

Action                     |  1- 3 |  4- 6 || total
---------------------------+-------+-------++-------
  Melee: Unarmed           |    12 |    20 ||    32
         Punch             |     1 |       ||     1
 Invoke: Berserk           |     1 |       ||     1
 Armour: Animal skin       |     4 |    19 ||    23
  Dodge: Dodged            |     1 |    17 ||    18

Table legend: (Time is in decaauts)
 A = Elapsed time spent in this place.
 B = Non-inter-level travel time spent in this place.
 C = Inter-level travel time spent in this place.
 D = Time resting spent in this place.
 E = Time spent auto-exploring this place.
 F = Levels seen in this place.
 G = Mean time per level.
                   A        B        C        D        E       F      G
               +--------+--------+--------+--------+--------+-----+--------+
         Total |     75 |     75 |      0 |      0 |      1 |   1 |   75.0 |
       Dungeon |     75 |     75 |      0 |      0 |      1 |   1 |   75.0 |
               +--------+--------+--------+--------+--------+-----+--------+

Top non-repeatable levels by time:
       D: 75 daAuts
